 Dungeon Crawl Stone Soup version 0.18.1-47-g9310371 (webtiles) character file.

23410 Lul the Martial Artist (level 12, -1/103 HPs)
             Began as a Vampire Monk on June 17, 2016.
             Was a High Priest of Dithmenos.
             Splashed by an oklob plant's acid (11 damage)
             ... on level 2 of the Lair of Beasts on June 20, 2016.
             The game lasted 01:25:53 (19673 turns).

Lul the Martial Artist (Vampire Monk)              Turns: 19673, Time: 01:25:55

Health: -1/103     AC:  3    Str: 14    XL:     12   Next: 71%
Magic:  0/18       EV: 20    Int: 16    God:    Dithmenos [*****.]
Gold:   685        SH:  2    Dex: 20    Spells: 5 memorised, 7 levels left

rFire  + . .     SeeInvis +       - Unarmed
rCold  . . .     Gourm    .     e - +0 ring mail
rNeg   . . .     Faith    .     (no shield)
rPois  .         Spirit   +     y - +0 helmet
rElec  .         Dismiss  .     h - +2 cloak
rCorr  .         Reflect  .     l - +0 pair of gloves
SustAt .         Harm     .     (no boots)
MR     +....     Rnd*Tele +     K - amulet of guardian spirit
Stlth  +++++++++.               G - ring of protection from fire
                                b - +3 ring of slaying

@: corroded, regenerating quickly, wreathed by umbra, somewhat resistant to
hostile enchantments, incredibly stealthy
A: fangs 3, large bone plates 1, see invisible, agile 2, clever 1, deformed
body, robust 1, teleportitis 1, wild magic 1, unbreathing
a: Shadow Step, Shadow Form, Renounce Religion


You were on level 2 of the Lair of Beasts.
You worshipped Dithmenos.
Dithmenos was extremely pleased with you.
You were full.

You visited 3 branches of the dungeon, and saw 15 of its levels.
You also visited: Labyrinth.

You collected 685 gold pieces.

Inventory:

Armour
 a - a +0 chain mail
 e - a +0 ring mail (worn)
 h - a +2 cloak (worn)
 l - a +0 pair of gloves (worn)
 p - a +0 cloak of poison resistance
 y - a +0 helmet (worn)
Jewellery
 b - a +3 ring of slaying (left hand)
 o - an uncursed ring of flight
 s - a +4 ring of intelligence
 D - an uncursed ring of fire
 E - an uncursed ring of poison resistance
 G - a ring of protection from fire (right hand)
 K - an amulet of guardian spirit (around neck)
Wands
 g - a wand of enslavement (15/24)
 i - a wand of heal wounds (9/9)
 j - a wand of disintegration (0/24)
 q - a wand of hasting (4/9)
 C - a wand of iceblast (8/15)
 L - a wand of iceblast (10/15)
 N - a wand of disintegration (7/24)
 O - a wand of iceblast (6/15)
Scrolls
 n - 4 scrolls of identify
 r - a scroll of fog
 t - a scroll of teleportation
 x - 2 scrolls of magic mapping
 F - a scroll of summoning
 J - a scroll of remove curse
 R - a scroll of silence
 S - 3 scrolls of blinking
Potions
 c - 3 potions of flight
 f - 5 potions of blood
 k - 3 potions of cure mutation
 m - a potion of curing
 w - 3 potions of haste
 z - a potion of heal wounds


   Skills:
 + Level 8.6 Fighting
 + Level 6.9 Armour
 + Level 11.3 Dodging
 + Level 12.1 Stealth
   Level 1.3 Shields
 + Level 12.2 Unarmed Combat
 + Level 4.4 Spellcasting
 + Level 6.1 Hexes
 + Level 1.4 Ice Magic
 + Level 0.3 Evocations


You had 7 spell levels left.
You knew the following spells:

 Your Spells              Type           Power        Failure   Level  Hunger
a - Confusing Touch       Hex            ####..       8%          2    ##.....
b - Freeze                Ice            ##..         24%         1    None
c - Confuse               Hex            ####....     14%         3    ###....
d - Ozocubu's Armour      Chrm/Ice       #.......     83%         3    ###....
e - Tukima's Dance        Hex            ####....     14%         3    ###....


Dungeon Overview and Level Annotations

Branches:
Dungeon (12/15)            Temple (0/1) D:4            Lair (2/8) D:11
    Orc (1/2) D:9

Altars:
Ashenzari
Dithmenos
Fedhas
Gozag
Kikubaaqudgha
Makhleb
Okawaru
Pakellas
Qazlal
Ru
Trog
Xom
Yredelemnul
Zin
The Shining One

Shops:
D:4 *   D:10 (

Annotations:
Lair:2 exclusion: oklob plant
Orc:1 Harold


Innate Abilities, Weirdness & Mutations

Your natural rate of healing is unusually fast.
You have razor-sharp teeth.
You have supernaturally acute eyesight.
You can survive without breathing.
You are partially covered in large bone plates (AC +2, SH +2).
You are very agile. (Dex +4)
Your mind is acute. (Int +2)
Armour fits poorly on your strangely shaped body.
You are robust (+10% HP).
You are occasionally teleported next to monsters.
Your spells are a little harder to cast, but a little more powerful.


Message History

The oklob plant is moderately damaged.
You hit the oklob plant but do no damage.
You punch the oklob plant, but do no damage.
The oklob plant is moderately damaged.
Your shadow hits the oklob plant but does no damage.
The oklob plant spits acid at you. The splash of acid hits you!
The acid burns!
You punch the oklob plant!
You bite the oklob plant, but do no damage.
The oklob plant is heavily damaged.
The oklob plant spits acid at you. The splash of acid hits you!
The acid burns!
* * * LOW HITPOINT WARNING * * *
You punch the oklob plant!
The oklob plant is heavily damaged.
The oklob plant spits acid at you. The splash of acid hits you!
* * * LOW HITPOINT WARNING * * *
The acid burns!
You die...

..#..........................[...
.....................##..........
.......<..............#..........
[................................
"............########............
..............########...........
####.........##[.$P.#...##.P....P
#P........##$[(##.#.####......
##.........#P@...#######......
##........######## #......#.
##.........## ##......#
#.#.........## #.....###
##...........## ##.....#
####...........## ###.....##
#.#.P...........# #.......#
#...............# ###..#..##
##...............####......##


You could see an oklob plant.

Vanquished Creatures
  A minotaur (Lab)
  A hydra (D:10)
  Erica (Lair:2)
  A centaur warrior (D:10)
  A tengu warrior (D:11)
  Sonja (Lair:2)
  Pikel (D:5)
  3 hill giants
  An orc knight (D:11)
  A cyclops (D:11)
  2 manticores (D:11)
  Joseph (D:7)
  A black mamba (Lair:1)
  A gargoyle (D:9)
  3 spiny frogs
  3 komodo dragons
  A troll (D:11)
  Grinder (D:3)
  2 two-headed ogres
  6 blink frogs
  Sigmund (D:3)
  3 basilisks (D:11)
  A wyvern (D:9)
  21 yaks
  A hungry ghost (D:8)
  3 water moccasins
  5 porcupines
  7 orc warriors
  A black bear (D:11)
  A phantom (D:8)
  2 eyes of draining (D:8)
  4 ice beasts
  A necrophage (D:6)
  2 sky beasts
  5 ogres
  4 centaurs
  2 crocodiles
  2 big kobolds
  12 giant frogs
  A wyvern zombie (D:9)
  3 scorpions
  15 killer bees
  5 wights (D:11)
  8 howler monkeys
  3 crimson imps
  5 hounds
  3 jellies
  11 orc priests
  6 orc wizards
  Crazy Yiuf (D:5)
  2 giant frog skeletons
  Ijyb (D:3)
  Terence (D:3)
  8 iguanas
  7 worker ants
  Natasha (thrice) (D:3)
  2 killer bee zombies
  8 sheep (D:11)
  2 hound skeletons
  11 gnolls
  14 adders
  33 river rats
  2 shadow imps
  An adder zombie (D:5)
  An adder skeleton (D:9)
  2 worms (D:2)
  3 dart slugs
  3 giant geckos
  48 orcs
  2 ball pythons
  7 giant cockroaches
  9 hobgoblins
  12 jackals
  8 kobolds
  6 quokkas
  A ball python skeleton (D:5)
  12 bats
  9 giant newts
  10 goblins
  A quokka zombie (D:3)
  4 rats
405 creatures vanquished.

Vanquished Creatures (others)
  A hydra (D:2)
  A crimson imp (D:5)
  A jackal zombie (D:5)
  A bush (D:11)
  3 plants
7 creatures vanquished.

Grand Total: 412 creatures vanquished

Notes
Turn   | Place    | Note
--------------------------------------------------------------
     0 | D:1      | Lul the Vampire Monk began the quest for the Orb.
     0 | D:1      | Reached XP level 1. HP: 17/17 MP: 1/1
   236 | D:1      | Reached XP level 2. HP: 21/23 MP: 2/2
   716 | D:2      | Reached XP level 3. HP: 27/28 MP: 3/3
  1025 | D:2      | Found a blossoming altar of Fedhas.
  1033 | D:2      | Reached skill level 5 in Unarmed Combat
  1085 | D:2      | Gained mutation: You occasionally shout uncontrollably at your foes. [potion of mutation]
  1085 | D:2      | Gained mutation: You are agile. (Dex +2) [potion of mutation]
  1085 | D:2      | Gained mutation: You are partially covered in large bone plates (AC +2, SH +2). [potion of mutation]
  1101 | D:2      | Found a shadowy altar of Dithmenos.
  1122 | D:2      | Became a worshipper of Dithmenos the Shadowed
  1122 | D:2      | Reached * piety under Dithmenos
  1122 | D:2      | Reached ** piety under Dithmenos
  1319 | D:2      | Reached XP level 4. HP: 31/34 MP: 4/4
  1349 | D:2      | Found an oddly glowing altar of Pakellas.
  1350 | D:2      | Noticed a six-headed hydra
  1362 | D:2      | Killed a six-headed hydra
  1402 | D:3      | Noticed Terence
  1410 | D:3      | Killed Terence
  1425 | D:3      | Noticed Ijyb
  1439 | D:3      | Killed Ijyb
  1452 | D:3      | Noticed Sigmund
  1496 | D:3      | Reached XP level 5. HP: 41/41 MP: 5/5
  1516 | D:3      | Noticed Grinder
  1558 | D:3      | Reached skill level 5 in Stealth
  1820 | D:3      | Reached skill level 1 in Armour
  2109 | D:3      | Paralysed by Grinder for 6 turns
  2432 | D:4      | Noticed an ogre
  2433 | D:4      | Reached skill level 5 in Dodging
  2456 | D:3      | Reached XP level 6. HP: 47/47 MP: 6/6
  2758 | D:4      | Found Urhax's General Store.
  3388 | D:4      | Found a staircase to the Ecumenical Temple.
  3718 | D:3      | Noticed Natasha
  3739 | D:3      | Killed Natasha
  3846 | D:3      | Noticed Natasha
  3865 | D:3      | Killed Natasha
  4064 | D:3      | Noticed Natasha
  4078 | D:3      | Killed Natasha
  4137 | D:3      | Reached XP level 7. HP: 50/52 MP: 7/7
  4208 | D:5      | Entered Level 5 of the Dungeon
  4347 | D:5      | Noticed Pikel
  4408 | D:5      | Killed Pikel
  4408 | D:5      | Reached XP level 8. HP: 16/61 MP: 8/8
  4931 | D:5      | Reached *** piety under Dithmenos
  5043 | D:5      | Found a shattered altar of Ashenzari.
  5047 | D:5      | Learned a level 2 spell: Confusing Touch
  5064 | D:5      | Found a glowing golden altar of the Shining One.
  5193 | D:5      | Found an opulent altar of Gozag.
  5494 | D:5      | Noticed Crazy Yiuf
  5503 | D:5      | Killed Crazy Yiuf
  5571 | D:4      | Found a stormy altar of Qazlal.
  6417 | D:3      | Killed Sigmund
  6417 | D:3      | Reached skill level 1 in Hexes
  6520 | D:3      | Paralysed by Grinder for 4 turns
  6527 | D:3      | Killed Grinder
  6527 | D:3      | Reached skill level 5 in Fighting
  6527 | D:3      | Reached skill level 1 in Spellcasting
  6714 | D:6      | Reached XP level 9. HP: 68/68 MP: 7/10
  6782 | D:6      | Found an ancient bone altar of Kikubaaqudgha.
  6782 | D:6      | Found a shimmering altar of Xom.
  6796 | D:6      | Found a burning altar of Makhleb.
  6799 | D:6      | Found a glowing silver altar of Zin.
  6799 | D:6      | Noticed an angel
  6800 | D:6      | Noticed an Executioner
  7024 | D:6      | Found an iron altar of Okawaru.
  7250 | D:6      | Found a bloodstained altar of Trog.
  7542 | D:7      | Learned a level 1 spell: Freeze
  7846 | D:7      | Noticed Joseph
  8764 | D:7      | Killed Joseph
  8764 | D:7      | Reached skill level 5 in Armour
  8885 | D:7      | Learned a level 3 spell: Confuse
  9339 | D:8      | Found a sacrificial altar of Ru.
  9342 | D:8      | Reached **** piety under Dithmenos
  9577 | D:8      | Reached XP level 10. HP: 76/76 MP: 13/13
  9589 | D:8      | Found a shattered altar of Ashenzari.
 11052 | D:9      | Found a staircase to the Orcish Mines.
 11072 | D:9      | Reached skill level 1 in Ice Magic
 11261 | D:9      | Learned a level 3 spell: Ozocubu's Armour
 11301 | D:9      | Found a basalt altar of Yredelemnul.
 11466 | D:9      | Found an iron altar of Okawaru.
 11601 | D:9      | Reached skill level 10 in Stealth
 11727 | D:10     | Entered Level 10 of the Dungeon
 11727 | D:10     | Noticed a gargoyle
 11960 | Orc:1    | Entered Level 1 of the Orcish Mines
 11960 | Orc:1    | Noticed Harold
 11965 | Orc:1    | Noticed a stone giant
 12270 | D:10     | Noticed a seven-headed hydra
 12270 | D:10     | Noticed a hill giant
 12922 | D:9      | Killed a gargoyle
 13019 | D:10     | Killed a hill giant
 13148 | D:10     | Reached XP level 11. HP: 83/83 MP: 16/16
 13162 | D:10     | Killed a seven-headed hydra
 13277 | D:10     | Noticed a centaur warrior
 13733 | D:11     | Reached skill level 10 in Unarmed Combat
 13975 | D:11     | Found a staircase to the Lair.
 14000 | D:11     | Gained mutation: Your mind is acute. (Int +2) [potion of beneficial mutation]
 14184 | D:11     | Noticed a tengu warrior
 14190 | D:11     | Noticed an orc knight
 14203 | D:11     | Noticed a purple very ugly thing
 14331 | D:11     | Killed an orc knight
 14773 | D:11     | Learned a level 3 spell: Tukima's Dance
 14868 | D:11     | Reached skill level 10 in Dodging
 15065 | D:11     | HP: 4/84 [purple very ugly thing (15)]
 15385 | D:9      | Reached skill level 5 in Hexes
 15509 | D:9      | Reached skill level 1 in Shields
 15533 | D:9      | Reached ***** piety under Dithmenos
 15891 | D:10     | Found Sipearph's Antique Weapon Boutique.
 16010 | D:10     | Found a shimmering altar of Xom.
 16117 | D:10     | Noticed a hill giant
 16207 | D:10     | Killed a hill giant
 16349 | D:10     | Killed a centaur warrior
 16552 | D:11     | Killed a tengu warrior
 16552 | D:11     | Reached XP level 12. HP: 82/92 MP: 7/18
 17119 | Lair:1   | Entered Level 1 of the Lair of Beasts
 17142 | Lair:1   | Found a labyrinth entrance.
 17151 | Lab      | Entered a labyrinth
 17423 | Lab      | Identified the Handbook of the Traveller and Earth
 17427 | Lab      | Noticed a minotaur
 17444 | Lab      | Killed a minotaur
 18950 | Lair:2   | Gained mutation: You are occasionally teleported next to monsters. [potion of mutation]
 18950 | Lair:2   | Gained mutation: You have a pair of small antennae on your head. [potion of mutation]
 18950 | Lair:2   | Gained mutation: You are very agile. (Dex +4) [potion of mutation]
 18951 | Lair:2   | Gained mutation: Armour fits poorly on your strangely shaped body. [potion of mutation]
 18951 | Lair:2   | Gained mutation: Your body sometimes deteriorates upon taking damage. [potion of mutation]
 18983 | Lair:2   | Noticed Sonja
 19021 | Lair:2   | Killed Sonja
 19133 | Lair:2   | Noticed Erica
 19300 | Lair:2   | Lost mutation: You have a pair of small antennae on your head. [potion of mutation]
 19300 | Lair:2   | Lost mutation: You occasionally shout uncontrollably at your foes. [potion of mutation]
 19300 | Lair:2   | Lost mutation: Your body sometimes deteriorates upon taking damage. [potion of mutation]
 19301 | Lair:2   | Gained mutation: Your spells are a little harder to cast, but a little more powerful. [potion of mutation]
 19301 | Lair:2   | Gained mutation: You are robust (+10% HP). [potion of mutation]
 19421 | Lair:2   | Killed Erica
 19673 | Lair:2   | Splashed by an oklob plant's acid

Skill      XL: |  1  2  3  4  5  6  7  8  9 10 11 12 |
---------------+-------------------------------------+-----
Unarmed Combat | 5 6 7 8 9 11 12 | 12.2
Stealth        | 4 5 6 9 10 11 12 | 12.1
Dodging        | 4 5 6 7 8 9 10 11 | 11.3
Fighting       | 3 4 5 6 7 8 |  8.6
Armour         | 1 2 3 4 5 6 |  6.9
Hexes          | 1 3 4 5 6 |  6.1
Spellcasting   | 1 2 3 4 |  4.4
Ice Magic      | 1 |  1.4
Shields        | 1 |  1.3
Evocations     | |  0.3

Action                   |  1- 3 |  4- 6 |  7- 9 | 10-12 || total
-------------------------+-------+-------+-------+-------++-------
Melee: Unarmed           |   102 |   269 |   460 |  1031 ||  1862
       Bite              |    11 |    28 |    57 |   150 ||   246
       Punch             |     1 |     2 |    12 |    60 ||    75
 Cast: Confusing Touch   |       |       |    13 |    10 ||    23
       Freeze            |       |       |       |    12 ||    12
       Confuse           |       |       |       |    18 ||    18
 Abil: End Transformatio |       |     2 |     1 |       ||     3
       Bat Form          |       |     2 |     1 |       ||     3
Evoke: Wand              |       |       |       |     7 ||     7
  Use: Scroll            |     4 |     4 |    12 |    12 ||    32
       Potion            |     9 |     4 |    11 |    19 ||    43
 Stab: Sleeping          |     8 |     2 |    15 |    19 ||    44
       Confused          |       |       |    13 |    18 ||    31
       Invisible         |       |       |     6 |     5 ||    11
       Paralysed         |       |       |     2 |       ||     2
       Distracted        |       |       |       |     3 ||     3
  Eat: Corpse            |     1 |     1 |     3 |    25 ||    30
Armor: Robe              |     7 |       |       |       ||     7
       Ring mail         |    11 |    68 |   107 |   224 ||   410
Dodge: Dodged            |    54 |   214 |   370 |   846 ||  1484
Block: Other             |       |    19 |    35 |    61 ||   115
